 Dungeon Crawl Stone Soup version 0.30.1-4-g462c640d31 (webtiles) character file.

Game seed: 16572907017108954636

3175221 Amplified the Slayer (level 27, 240/240 HPs)
             Began as a Demonspawn Warper on Sept 3, 2023.
             Was an Initiate of Gozag.
             Escaped with the Orb
             ... and 5 runes on Sept 7, 2023!
             The game lasted 03:30:22 (70206 turns).

Amplified the Slayer (Demonspawn Warper)           Turns: 70206, Time: 03:30:22

Health: 240/240    AC: 24    Str: 28    XL:     27
Magic:  44/44      EV: 23    Int: 25    God:    Gozag
Gold:   560        SH: 35    Dex: 25    Spells: 34/60 levels left

rFire   + . .        c - +8 double sword (heavy)
rCold   + + +        J - +5 tower shield {reflect}
rNeg    + + .        S - +0 leather armour of Weightlessness {Drain rPois rF++ Dex+4}
rPois   +            (helmet unavailable)
rElec   +            q - scarf "Lugyph" {+Inv, Drain Int+3 Dex+5}
rCorr   +            F - +2 pair of gloves "Lemank" {rElec rF- rC+++ Dex+5}
SInv    +            b - +3 pair of seven-league boots {Rampage+∞}
Will    ++++.        i - amulet of the Saviour {Will+ Regen+ Int+3}
Stlth   +            e - ring "Qocazyrr" {+Blink rN+ Str+5 SInv}
HPRegen 1.40/turn    N - ring of Erueshaf {rPois rN+ rCorr Dex-2}
MPRegen 0.29/turn

%: reflection, rampage+∞
@: no status effects
A: horns 3, thin metallic scales 3, foul stench 3, icemail 2, black mark,
condensation shield, bedeviling, aura of silence, strong-willed 1, strong 1
0: Orb of Zot
}: 5/15 runes: decaying, serpentine, slimy, silver, abyssal
a: Renounce Religion, Evoke Blink, Evoke Invisibility, Potion Petition, Call
Merchant, Bribe Branch


You escaped.
You worshipped Gozag.
Gozag was pleased with you.
You visited 12 branches of the dungeon, and saw 56 of its levels.
You visited the Abyss 1 time.
You visited 1 ziggurat, and saw 10 of its levels.
You also visited: Ossuary, Gauntlet and Ice Cave.

You collected 34559 gold pieces.
You spent 8775 gold pieces at shops.
You paid 25224 gold pieces to Gozag.

Inventory:

Hand Weapons
 c - a +8 heavy double sword (weapon)
 n - the +10 dagger of the Piercing Viper {freeze, Int+3 Dex+3}
   (You found it on level 3 of a ziggurat)

   Int:       It affects your intelligence (+3).
   Dex:       It affects your dexterity (+3).
 B - the +8 demon trident "Rift" {distort, reach+}
   (You found it on level 5 of the Pits of Slime)
Missiles
 u - 21 boomerangs of dispersal
 y - 5 throwing nets
 C - 13 curare-tipped darts (quivered)
 X - 16 silver boomerangs
Armour
 b - the +3 pair of seven-league boots (worn) {Rampage+∞}
   (You bought it in a shop on level 4 of the Lair of Beasts)

   Rampage+∞: When moving toward enemies, its wearer moves as far as possible,
   alerting their target en route.
 q - the scarf "Lugyph" (worn) {+Inv, Drain Int+3 Dex+5}
   (You acquired it on level 2 of the Depths)

   Int:       It affects your intelligence (+3).
   Dex:       It affects your dexterity (+5).
   Drain:     It drains your maximum health when unequipped.
 v - the +3 plate armour of Hinkikh {rF+++ Will+ rCorr}
   (You found it on level 4 of the Vaults)

   rF:        It renders you almost immune to fire.
   rCorr:     It protects you from acid and corrosion.
   Will:      It increases your willpower.
 A - a +2 kite shield of cold resistance
 F - the +2 pair of gloves "Lemank" (worn) {rElec rF- rC+++ Dex+5}
   (You found it in a Gauntlet)

   Dex:       It affects your dexterity (+5).
   rF:        It makes you vulnerable to fire.
   rC:        It renders you almost immune to cold.
   rElec:     It insulates you from electricity.
 J - a +5 tower shield of reflection (worn)
 S - the +0 leather armour of Weightlessness (worn) {Drain rPois rF++ Dex+4}
   (You bought it in a shop on level 9 of the Dungeon)

   Dex:       It affects your dexterity (+4).
   rF:        It greatly protects you from fire.
   rPois:     It protects you from poison.
   Drain:     It drains your maximum health when unequipped.
 W - the crystal ball of Wucad Mu {*channel}
   (You found it on level 3 of the Crypt)

   *Channel:  It often returns the magic spent to cast spells, but lowers their
   success rate.
   It always returns the magic spent on miscasts.
Magical Staves
 p - the staff of death "Div Zenn" {rElec rF+ rC+ rN+ Stlth-}
   (You took it off a yaktaur captain on level 5 of the Vaults)

   [staff of death]

   Base accuracy: +5 Base damage: 5 Base attack delay: 1.2 This weapon's minimum
   attack delay (0.6) is reached at skill level 12.
   rF:        It protects you from fire.
   rC:        It protects you from cold.
   rElec:     It insulates you from electricity.
   rN:        It protects you from negative energy.
   Stlth:     It makes you less stealthy.
   It falls into the 'Staves' category.
   It is a one-handed weapon.
 L - the staff of fire "Jiskam" {rF+ rN+ Dex+3 Stlth-}
   (You took it off a minotaur in a Gauntlet)

   [staff of fire]

   Base accuracy: +5 Base damage: 5 Base attack delay: 1.2 This weapon's minimum
   attack delay (0.6) is reached at skill level 12.
   Dex:       It affects your dexterity (+3).
   rF:        It protects you from fire.
   rN:        It protects you from negative energy.
   Stlth:     It makes you less stealthy.
   It falls into the 'Staves' category.
   It is a one-handed weapon.
Jewellery
 e - the ring "Qocazyrr" (left hand) {+Blink rN+ Str+5 SInv}
   (You found it on level 3 of the Crypt)

   [ring of positive energy]

   Str:       It affects your strength (+5).
   rN:        It protects you from negative energy.
   SInv:      It lets you see invisible.
   +Blink:    It lets you blink.
 i - the amulet of the Saviour (around neck) {Will+ Regen+ Int+3}
   (You found it on level 2 of the Dungeon)

   [amulet of regeneration]

   Int:       It affects your intelligence (+3).
   Regen:     It increases your rate of health regeneration.
   Will:      It increases your willpower.
 m - the ring "Bufumah" {Fly rElec rPois Will+ SInv}
   (You bought it in a shop on level 1 of the Vaults)

   [ring of flight]

   rElec:     It insulates you from electricity.
   rPois:     It protects you from poison.
   SInv:      It lets you see invisible.
   Fly:       It grants you flight.
   Will:      It increases your willpower.
 D - the ring of Xom's Recklessness {Ice rN+ rCorr}
   (You found it on level 10 of a ziggurat)

   [ring of ice]

   It enhances your ice magic.
   rF:        It makes you vulnerable to fire.
   rC:        It protects you from cold.
   rN:        It protects you from negative energy.
   rCorr:     It protects you from acid and corrosion.
 N - the ring of Erueshaf (right hand) {rPois rN+ rCorr Dex-2}
   (You acquired it on level 4 of the Depths)

   [ring of positive energy]

   Dex:       It affects your dexterity (-2).
   rPois:     It protects you from poison.
   rN:        It protects you from negative energy.
   rCorr:     It protects you from acid and corrosion.
 T - the ring "Gadgheyz" {EV+5 Dex+4}
   (You found it on level 10 of a ziggurat)

   [ring of evasion]

   EV:        It affects your evasion (+5).
   Dex:       It affects your dexterity (+4).
 V - the ring "Ceiwk" {rElec rPois rN+ Dex+4}
   (You found it on level 1 of the Crypt)

   [ring of positive energy]

   Dex:       It affects your dexterity (+4).
   rElec:     It insulates you from electricity.
   rPois:     It protects you from poison.
   rN:        It protects you from negative energy.
 Z - the ring "Quc Dyha" {rN+ rCorr}
   (You found it on level 3 of the Swamp)

   [ring of positive energy]

   rN:        It protects you from negative energy.
   rCorr:     It protects you from acid and corrosion.
Wands
 a - a wand of roots (66)
 g - a wand of mindburst (42)
 t - a wand of digging (29)
 K - a wand of charming (43)
 O - a wand of polymorph (32)
 R - a wand of light (2)
Scrolls
 f - 12 scrolls of teleportation
 h - a scroll of magic mapping
 o - a scroll of brand weapon
 r - a scroll of enchant armour
 x - a scroll of silence
 H - 51 scrolls of identify
 M - 3 scrolls of fear
 Y - 3 scrolls of butterflies
Potions
 d - 4 potions of flight
 l - 16 potions of brilliance
 s - 6 potions of resistance
 w - 8 potions of mutation
 z - 38 potions of curing
 E - 4 potions of heal wounds
 G - 2 potions of ambrosia
 I - 8 potions of attraction
 P - 4 potions of cancellation
 U - 2 potions of magic
Miscellaneous
 Q - a phantom mirror


   Skills:
 * Level 24.9 Fighting
 - Level 16.1 Long Blades
 - Level 2.8 Maces & Flails
 - Level 0.8 Throwing
 - Level 12.8 Armour
 - Level 12.9 Dodging
 - Level 23.0 Shields
 * Level 17.4 Spellcasting
 - Level 10.1 Hexes
 * Level 14.8 Translocations
 - Level 7.4 Ice Magic
 - Level 10.6 Air Magic


You had 34 spell levels left.
You knew the following spells:

 Your Spells              Type           Power      Damage    Failure   Level
a - Blink                 Tloc           100%       N/A       0%          2
b - Frozen Ramparts       Ice            100%       1d16      1%          3
c - Manifold Assault      Tloc           77%        N/A       1%          4
d - Lesser Beckoning      Tloc           100%       N/A       0%          2
e - Metabolic Englaciati  Hex/Ice        39%        N/A       2%          5
f - Ozocubu's Armour      Ice            56%        N/A       1%          3
g - Passwall              Tmut/Erth      17%        N/A       4%          2
h - Silence               Hex/Air        42%        N/A       1%          5

Your spell library contained the following spells:

 Spells                   Type           Power      Damage    Failure   Level
 Apportation              Tloc           100%       N/A       0%          1
 Freeze                   Ice            100%       1d10      1%          1
 Cigotuvi's Dreadful Rot  Necr/Pois/Air  78%        N/A       1%          2
 Ensorcelled Hibernation  Hex/Ice        100%       N/A       1%          2
 Momentum Strike          Conj/Tloc      100%       3d10      1%          2
 Static Discharge         Conj/Air       96%        2-6/arc   1%          2
 Dazzling Flash           Conj/Hex       100%       N/A       1%          3
 Gell's Gravitas          Tloc           77%        N/A       1%          3
 Hailstorm                Conj/Ice       40%        3d10      1%          3
 Inner Flame              Hex/Fire       63%        N/A       1%          3
 Portal Projectile        Hex/Tloc       100%       N/A       1%          3
 Summon Guardian Golem    Hex/Summ       63%        N/A       1%          3
 Swiftness                Air            66%        N/A       1%          3
 Teleport Other           Tloc           77%        N/A       1%          3
 Tukima's Dance           Hex            83%        N/A       1%          3
 Vhi's Electric Charge    Tloc/Air       100%       N/A       1%          3
 Volatile Blastmotes      Fire/Tloc      100%       2d18      1%          3
 Airstrike                Air            33%        2d(5-21)  1%          4
 Iskenderun's Mystic Bla  Conj/Tloc      56%        2d12      1%          4
 Passage of Golubria      Tloc           77%        N/A       1%          4
 Dispersal                Tloc           38%        N/A       1%          6
 Mephitic Cloud           Conj/Pois/Air  39%        N/A       2%          3
 Beastly Appendage        Tmut           42%        N/A       3%          1
 Magic Dart               Conj           84%        1d7       3%          1
 Necrotise                Necr           84%        1d8       3%          1
 Sandblast                Erth           42%        2d11      3%          1
 Summon Small Mammal      Summ           84%        N/A       3%          1
 Summon Lightning Spire   Summ/Air       48%        N/A       3%          4
 Call Imp                 Summ           42%        N/A       4%          2
 Scorch                   Fire           42%        2d6       4%          2
 Searing Ray              Conj           42%        2d6       4%          2
 Sublimation of Blood     Necr           21%        N/A       4%          2
 Wereblood                Tmut           21%        N/A       4%          2
 Fulminant Prism          Conj/Hex       31%        3d15      4%          4
 Leda's Liquefaction      Hex/Erth       31%        N/A       4%          4
 Summon Forest            Summ/Tloc      28%        N/A       4%          5
 Ice Form                 Ice/Tmut       40%        N/A       7%          4
 Summon Ice Beast         Ice/Summ       40%        N/A       7%          4
 Freezing Cloud           Conj/Ice/Air   25%        6-21      8%          5
 Call Canine Familiar     Summ           21%        N/A       10%         3
 Ignite Poison            Fire/Tmut/Pois 21%        N/A       10%         3
 Spider Form              Tmut/Pois      21%        N/A       10%         3
 Stone Arrow              Conj/Erth      42%        3d9       10%         3
 Arcjolt                  Conj/Air       24%        1d34      10%         5
 Summon Mana Viper        Hex/Summ       63%        N/A       11%         5
 Yara's Violent Unravell  Hex/Tmut       31%        3d13      11%         5
 Animate Armour           Summ/Erth      42%        N/A       32%         4
 Flame Wave               Conj/Fire      21%        2d8       32%         4
 Petrify                  Tmut/Erth      21%        N/A       32%         4
 Sticky Flame             Conj/Fire      21%        2d4       32%         4
 Conjure Ball Lightning   Conj/Air       24%        3x3d7     50%         6
 Plasma Beam              Fire/Air       24%        2x1d39    50%         6
 Agony                    Necr           21%        N/A       65%         5
 Alistair's Intoxication  Tmut/Pois      14%        N/A       65%         5
 Blade Hands              Tmut           10%        N/A       65%         5
 Borgnjor's Vile Clutch   Necr/Erth      10%        N/A       65%         5
 Fireball                 Conj/Fire      10%        3d6       65%         5
 Irradiate                Conj/Tmut      10%        3d15      65%         5
 Iskenderun's Battlesphe  Conj           21%        2d7       65%         5
 Lee's Rapid Deconstruct  Erth           10%        3d8*      65%         5
 Ozocubu's Refrigeration  Ice            28%        4d13      77%         7
 Malign Gateway           Summ/Tloc      28%        N/A       78%         7
 Maxwell's Capacitive Co  Air            33%        ∞         95%         8
 Discord                  Hex            41%        N/A       97%         8
 Eringya's Noxious Bog    Tmut/Pois      10%        N/A       99%         6
 Iron Shot                Conj/Erth      10%        9d3       99%         6
 Starburst                Conj/Fire      10%        6d5       99%         6
 Statue Form              Tmut/Erth      14%        N/A       99%         6
 Summon Cactus Giant      Summ           10%        N/A       99%         6
 Dragon Form              Tmut           10%        N/A       100%        7
 Haunt                    Necr/Summ      10%        N/A       100%        7
 Monstrous Menagerie      Summ           10%        N/A       100%        7
 Orb of Destruction       Conj           10%        9d6       100%        7
 Spellforged Servitor     Conj/Summ      10%        N/A       100%        7
 Borgnjor's Revivificati  Necr           10%        N/A       100%        8
 Lehudib's Crystal Spear  Conj/Erth      10%        10d4      100%        8
 Necromutation            Tmut/Necr      10%        N/A       100%        8
 Summon Horrible Things   Summ           10%        N/A       100%        8
 Death's Door             Necr           10%        N/A       100%        9
 Polar Vortex             Ice            28%        N/A       100%        9
 Simulacrum               Ice/Necr       Unusable   N/A       N/A         6

Dungeon Overview and Level Annotations

Branches:
Dungeon (15/15)            Temple (1/1) D:5            Lair (5/5) D:8
  Swamp (4/4) Lair:2        Snake (4/4) Lair:3        Slime (5/5) Lair:4
    Orc (2/2) D:11            Elf (3/3) Orc:2        Vaults (5/5) D:13
  Crypt (3/3) Vaults:2       Tomb (0/3) Crypt:3      Depths (4/4) D:15
    Zot (5/5) Depths:4    Ossuary (visited)           IceCv (visited)
Gauntlet (visited)

Altars:
Ashenzari
Cheibriados
Dithmenos
Fedhas
Gozag
Hepliaklqana
Kikubaaqudgha
Makhleb
Nemelex Xobeh
Okawaru
Qazlal
Ru
Sif Muna
Trog
Uskayaw
Vehumet
Wu Jian
Xom
Yredelemnul
Jiyva

Shops:
D:6 :!:   D:7 [*   D:9 [   D:13 =[   D:14 (   Orc:2 :[*:   Elf:3 (*[!
Lair:3 ?   Lair:4 [   Snake:1 ==:   Snake:2 :(((   Snake:4 *=!?   Vaults:1 [=
Zot:4 =[   Depths:1 :[:*[

Portals:
Hell: Depths:1 Depths:2 Depths:3 Depths:4
Abyss: Depths:2 Depths:3
Pandemonium: Depths:1 Depths:2
Trove: D:10 (give +4 storm dragon scales)

Annotations:
Swamp:4 exclusion: oklob plant
Zot:5 Tiamat


Innate Abilities, Weirdness & Mutations

You have a pair of large horns on your head.
You are completely covered in thin metallic scales. (AC +4, rElec)
You frequently emit foul miasma when damaged in melee.
A meltable icy envelope protects you from harm. (AC +8)
Your melee attacks may debilitate your foes.
A meltable shield of frost defends you. (SH +4)
Your hexes are more powerful.
You are surrounded by an aura of silence.
You are strong-willed. (Will+)
Your muscles are strong. (Str +4, Int/Dex -1)


Message History

There is a stone staircase leading down here.
Unknown command.
(D) Dungeon (T) Temple (L) Lair (S) Swamp (P) Snake Pit (M) Slime Pits (O) Orcish Mines (E) Elven Halls (V) Vaults (C) Crypt (W) Tomb (U) Depths (H) Hell (Z) Zot
Where to? (Enter - D:1, ? - help)
What level of the Dungeon? (default 1, ? - help) HP restored.
There is an open door here.
There is an open door here.
You see here a +0 shortbow.
Magic restored.
You start to feel less resistant.
There is an open door here.
Your resistance to elements expires.
You open the door.
There is an open door here.
There is a stone staircase leading up here.
You climb upwards.
There is a stone staircase leading down here.
There is a stone staircase leading up here.
You climb upwards.
There is a stone staircase leading down here.
There is a stone staircase leading up here.
You climb upwards.
There is a stone staircase leading down here.
There is a stone staircase leading up here.
You climb upwards.
There is a stone staircase leading down here.
There is a stone staircase leading up here.
You climb upwards.
There is a stone staircase leading down here.
You hear a grinding noise.
A cacodemon comes into view.
The cacodemon moves out of view.
Some rock shatters into small pieces.
You hear a grinding noise.
There is a staircase leading out of the dungeon here.
You have escaped!

........# #...# #.#########.
........########...###....####.#.
.............................>.#.
.#.########.##..#########.###..#.
.#......# #.#.......## #.#....#.
..#####.# #...#####..## #.#.#..#.
........###..#.....#..###.#.#..#.
♣.####..##..#.......#..##.#....#.
...# #..#..#....@....#..#.#....#.
.≈.###..##..#.......#..##.#.#..#.
....##..##...#.....#..#.....#..#.
♣.♣.##..##.#..###....##........#.
..÷..#......#.......#.....#...##.
...§........#.##.####.#...######.
.♣..........#.........#..........
...≈........#...###.....#.######.
............#..####.###.#......#.


There were no monsters in sight!

Vanquished Creatures
  the Royal Jelly (Slime:5)
  4 ancient liches
  4 dread liches
  2 orbs of fire (Zot:5)
  2 pandemonium lords
  Josephina (Zot:4)
  Margery (Depths:2)
  2 Killer Klowns
  Saint Roka (Depths:3)
  Xtahua (Depths:4)
  2 curse toes (Zot:1)
  9 golden dragons
  Nikola (Snake:3)
  5 bone dragons
  A Tzitzimitl (D:15)
  10 tentacled monstrosities
  2 electric golems
  Zenata (Vaults:4)
  A Hell Sentinel (D:7)
  17 Orb Guardians
  Asterion (Vaults:3)
  Rupert (Lair:5)
  4 deep elf master archers (Elf:3)
  9 liches
  5 quicksilver dragons
  11 titans
  A deep elf blademaster (Elf:3)
  13 death cobs
  4 ancient champions (Crypt:2)
  6 tentacled starspawn
  3 Executioners
  8 sphinxes
  17 acid blobs
  9 shadow dragons
  Kirke (Elf:1)
  15 storm dragons
  Gastronok (Orc:1)
  8 tengu reavers
  6 fenstrider witches
  4 azure jellies (Slime:5)
  11 nagarajas
  5 draconian monks
  27 vault wardens
  3 rockslimes
  3 revenants
  6 draconian knights
  8 fire giants
  11 frost giants
  8 iron dragons
  4 ghost moths
  4 draconian scorchers
  7 draconian shifters
  6 deep elf sorcerers
  A balrug (Depths:1)
  9 ghouls
  8 draconian annihilators
  2 draconian stormcallers
  A spriggan defender (Depths:3)
  3 deep elf elementalists (Elf:3)
  A cacodemon (Depths:1)
  6 quicksilver oozes
  27 very ugly things
  A curse skull (Crypt:1)
  2 war gargoyles
  2 demonspawn corrupters
  An orc warlord (Vaults:4)
  25 ironbound preservers
  3 reapers
  11 stone giants
  22 vampire knights
  10 ironbound thunderhulks
  A starflower (Abyss:3)
  14 green draconians
  4 eleionomae
  5 deep elf demonologists
  11 yellow draconians
  12 purple draconians
  A minotaur (Gauntlet)
  12 black draconians
  15 red draconians
  A demonspawn black sun (Depths:1)
  12 dire elephants
  11 deep elf annihilators
  4 bunyips
  5 spark wasps
  10 white draconians
  An acid blob zombie (Crypt:2)
  2 blizzard demons
  2 eidola (Crypt:2)
  Snorg (D:11)
  10 deep elf death magi
  A quicksilver dragon zombie (Crypt:3)
  10 ettins
  2 crystal guardians
  16 yaktaur captains
  5 green deaths
  13 fire dragons
  5 entropy weavers
  3 deep elf high priests
  39 slime creatures
  11 jiangshi
  Fannar (Orc:1)
  8 great orbs of eyes
  3 spriggan zombies (Crypt:3)
  3 peacekeepers
  A salamander tyrant (Snake:3)
  3 rakshasas
  31 vault guards
  19 hydras
  4 centaur warriors
  A caustic shrike simulacrum (Crypt:1)
  5 ice dragons
  6 ghost crabs
  5 boulder beetles
  4 spriggan air magi
  4 alligators
  5 two-headed ogres
  A juggernaut simulacrum (Crypt:1)
  2 catoblepae (Lair:5)
  2 death knights
  35 dancing weapons
  3 deep troll shamans
  2 ogre magi
  10 ironbound frosthearts
  15 anacondas
  A death scarab (Zig:3)
  6 tengu warriors
  10 deep troll earth magi
  17 naga warriors
  14 death yaks
  5 spriggan berserkers
  A bennu skeleton (Crypt:1)
  7 hell hogs
  A titan zombie (Crypt:3)
  9 vampire magi
  Urug (D:13)
  13 naga sharpshooters
  12 hell knights
  11 shock serpents
  3 orc high priests (Orc:2)
  6 thrashing horrors
  21 deep elf knights
  2 soul eaters
  2 sun demons (Depths:1)
  A deep troll (shapeshifter) (Vaults:5)
  4 shadow wraiths
  A goliath frog (shapeshifter) (Vaults:5)
  2 sixfirhies (Depths:1)
  7 goliath frogs
  9 wretched stars
  A death drake (Swamp:3)
  4 salamander mystics (Snake:3)
  39 skeletal warriors
  2 storm dragon skeletons
  4 iron trolls
  12 sea snakes
  6 spriggan druids
  A spark wasp zombie (Crypt:1)
  A swamp dragon (shapeshifter) (Depths:3)
  A glowing orange brain (shapeshifter) (Vaults:5)
  4 skysharks
  4 flayed ghosts
  A spatial maelstrom (Zig:10)
  5 swamp dragons
  A quicksilver dragon simulacrum (Zot:4)
  83 deep trolls
  An orange crystal statue (IceCv)
  2 spectral hydras (Swamp:4)
  The ghost of dittoslash the Magician, a novice DjFE (D:7)
  2 shadow demons
  2 spriggan simulacra (Crypt:1)
  4 glowing orange brains
  7 naga ritualists
  12 deep elf archers
  11 orc knights
  11 lindwurms
  2 fenstrider witch simulacra (Crypt:1)
  8 wizards
  A fire giant zombie (Vaults:1)
  10 bog bodies
  31 starcursed masses
  21 ironbound convokers
  37 deep elf zephyrmancers
  8 necromancers
  A shadow dragon zombie (Crypt:1)
  29 phantasmal warriors
  2 steelbarb worms (shapeshifter)
  25 deep elf pyromancers
  A stone giant zombie (Vaults:5)
  An iron dragon zombie (Zig:3)
  55 ugly things
  8 cyclopes
  3 shining eyes
  11 mana vipers
  A frost giant zombie (Crypt:2)
  2 fire giant skeletons
  2 manticores (Elf:3)
  9 orc sorcerers
  16 salamanders
  17 moths of wrath
  A frost giant skeleton (Crypt:1)
  2 will-o-the-wisps
  A rust devil (Gauntlet)
  42 black mambas
  9 guardian serpents
  An eleionoma skeleton (Crypt:1)
  3 stone giant skeletons
  A demonic crawler (Abyss:1)
  2 naga zombies (Crypt:3)
  21 elephants
  7 orange demons
  Maurice (D:8)
  An eye of devastation (Slime:5)
  20 naga magi
  2 alligator snapping turtle zombies (Crypt:3)
  A titan simulacrum (Crypt:1)
  15 vault sentinels
  2 gargoyles
  A storm dragon simulacrum (Crypt:1)
  A centaur skeleton (Crypt:3)
  3 apocalypse crabs
  A smoke demon (Zig:10)
  4 swamp worm zombies (Swamp:4)
  8 cane toads
  2 unseen horrors (D:11)
  A death yak zombie (Crypt:2)
  18 rime drakes
  3 efreet
  7 ancient zymes
  5 komodo dragons
  18 yaktaurs
  A purple draconian skeleton (Crypt:2)
  An alligator snapping turtle skeleton (Abyss:2)
  21 freezing wraiths
  3 kobold demonologists
  A bunyip simulacrum (Abyss:3)
  A tormentor (Zig:1)
  A golden dragon simulacrum (Depths:1)
  4 hydra zombies (Swamp:4)
  3 meliai (D:14)
  5 trolls
  8 hornets
  7 tyrant leeches
  2 bloated husks (Swamp:4)
  A merfolk (D:11)
  2 hellwings (Depths:2)
  A polar bear (shapeshifter) (Vaults:5)
  A tarantella (Vaults:1)
  15 polar bears
  A raiju (Zig:10)
  A harpy skeleton (Crypt:2)
  7 blink frogs
  3 spectral swamp dragons (Swamp:4)
  A draconian simulacrum (Zot:4)
  A stone giant simulacrum (Depths:1)
  3 alligator zombies (Swamp:4)
  A slime creature (shapeshifter) (Elf:2)
  12 flying skulls
  5 air elementals
  A merfolk zombie (Crypt:3)
  5 ynoxinuls
  A black mamba zombie (Crypt:3)
  A culicivora (Vaults:5)
  6 centaur simulacra
  2 naga simulacra (Crypt:1)
  An ettin skeleton (Crypt:2)
  2 fire bats (Abyss:2)
  A jumping spider (shapeshifter) (Depths:1)
  7 wyverns
  4 water elementals
  A vampire (D:10)
  8 spriggans
  An ushabti (Zig:7)
  43 yaks
  4 fire elementals
  A yak (shapeshifter) (D:15)
  An alligator snapping turtle simulacrum (Crypt:1)
  17 wraiths
  13 golden eyes
  3 basilisks
  3 neqoxecs
  2 hogs (Elf:1)
  A black draconian simulacrum (Zot:4)
  4 redbacks
  13 vampire mosquitoes
  2 chaos spawn
  3 harpy simulacra (Crypt:1)
  2 spatial vortices (Zig:10)
  A steam dragon (D:8)
  16 swamp worms
  Edmund (D:6)
  A green draconian simulacrum (Zot:4)
  50 nagas
  A faun zombie (Crypt:2)
  A glowing shapeshifter zombie (Vaults:5)
  2 acid dragons (D:9)
  19 large abominations
  7 wargs
  A spectral cane toad (Lair:2)
  16 water moccasins
  4 swamp drakes
  2 spectral yaks (Lair:2)
  A swamp drake (shapeshifter) (Vaults:5)
  6 floating eyes
  21 orc warriors
  4 black bears
  A sky beast (D:8)
  2 black mamba simulacra (Crypt:1)
  10 ogres
  A lindwurm zombie (Crypt:1)
  2 swamp dragon zombies (Swamp:4)
  14 centaurs
  6 wolves (Lair:5)
  5 phantoms
  6 kobold brigands
  Blork the orc (D:6)
  An elf zombie (D:4)
  13 bullfrogs
  2 elf skeletons
  2 spectral water moccasins (Lair:2)
  2 draconian zombies
  2 necrophages
  An earth elemental (Elf:1)
  A human simulacrum (Vaults:1)
  4 scorpions
  6 gnoll sergeants
  10 small abominations
  A polar bear zombie (Crypt:3)
  6 jellies
  15 killer bees
  A yak skeleton (Crypt:2)
  A shapeshifter skeleton (Crypt:3)
  5 electric eels
  7 howler monkeys
  A crimson imp (D:11)
  A quasit (Abyss:2)
  11 orc priests
  4 hounds
  A human zombie (D:4)
  3 iron imps
  5 hell rats (Lair:3)
  Terence (D:3)
  A human skeleton (D:4)
  A sleepcap (D:4)
  7 iguanas
  21 orc wizards
  2 spectral swamp drakes (Swamp:4)
  A deep dwarf zombie (Crypt:3)
  2 naga skeletons
  11 mummies
  12 gnolls
  14 adders
  7 shadow imps
  A swamp drake zombie (Swamp:4)
  9 white imps
  3 ufetubi
  A worm (D:4)
  A worm (shapeshifter) (Vaults:5)
  2 dart slugs (D:2)
  64 orcs
  4 bats
  3 bat zombies (D:8)
  4 endoplasms
  7 giant cockroaches
  10 goblins
  13 hobgoblins
  5 quokkas
  9 ball pythons
  3 frilled lizards
  3 gnoll zombies (Ossuary)
  9 kobolds
  3 kobold zombies
  2 orc skeletons (D:4)
  3 orc zombies (Ossuary)
  A rat (D:3)
  A rat skeleton (Crypt:3)
  3 rat zombies (D:8)
  2 lurking horrors
  A spectral weapon (Vaults:3)
  7 starspawn tentacles
2566 creatures vanquished.

Vanquished Creatures (collateral kills)
  A hellwing (Zot:3)
  An orc priest (Orc:2)
  2 orc wizards
4 creatures vanquished.

Vanquished Creatures (others)
  2 Orb Guardians (Zot:5)
  A lich (D:15)
  A fire giant (Depths:4)
  A deep elf archer (Elf:2)
  A wizard (Gauntlet)
  A deep elf zephyrmancer (Elf:2)
  A moth of wrath (Zot:4)
  A smoke demon (Zot:5)
  2 naga magi
  A komodo dragon (shapeshifter) (Elf:1)
  3 bloated husks
  A human (Elf:1)
  2 nagas (Snake:3)
  A moth of wrath simulacrum (Zot:4)
  2 phantoms (Swamp:4)
  A kobold brigand (D:11)
  4 foxfires (Swamp:1)
  84 spectral weapons
  18 starspawn tentacles
128 creatures vanquished.

Grand Total: 2698 creatures vanquished

Notes
Turn   | Place    | Note
-------+----------+-------------------------------------------
     0 | D:1      | Amplified the Demonspawn Warper began the quest for the
                  | Orb.
     0 | D:1      | Reached XP level 1. HP: 16/16 MP: 3/3
   215 | D:1      | Gained mutation: A meltable shield of frost defends you.
                  | (SH +4) [demonic ancestry]
   215 | D:1      | Reached XP level 2. HP: 22/22 MP: 5/5
   880 | D:1      | Learned a level 2 spell: Blink
  1287 | D:2      | Gained mutation: You may rarely emit foul miasma when
                  | damaged in melee. [demonic ancestry]
  1287 | D:2      | Reached XP level 3. HP: 13/28 MP: 6/6
  1372 | D:2      | Identified the amulet of the Saviour {Will+ Regen+ Int+3}
  1623 | D:2      | Reached XP level 4. HP: 31/34 MP: 7/7
  1878 | D:3      | Reached skill level 3 in Fighting
  1961 | D:3      | Found an opulent altar of Gozag.
  1963 | D:3      | Found a hazy altar of Hepliaklqana.
  1966 | D:3      | Found an iron altar of Okawaru.
  1974 | D:3      | Became a worshipper of Gozag Ym Sagoz the Greedy
  2020 | D:3      | Noticed Terence
  2033 | D:3      | Killed Terence
  2034 | D:3      | Gained mutation: You have a pair of small horns on your
                  | head. [demonic ancestry]
  2034 | D:3      | Reached XP level 5. HP: 29/41 MP: 9/9
  2413 | D:4      | Noticed a centaur
  2423 | D:4      | Killed a centaur
  2424 | D:4      | Reached skill level 4 in Fighting
  2424 | D:4      | Reached XP level 6. HP: 35/49 MP: 9/11
  2631 | D:4      | Reached skill level 5 in Fighting
  2639 | D:4      | Found a sand-covered staircase.
  2661 | Ossuary  | Entered an ossuary
  2666 | Ossuary  | Learned a level 3 spell: Frozen Ramparts
  2721 | Ossuary  | Gained mutation: You have a pair of horns on your head.
                  | [demonic ancestry]
  2721 | Ossuary  | Reached XP level 7. HP: 43/56 MP: 6/12
  2951 | Ossuary  | Reached skill level 1 in Ice Magic
  3071 | D:4      | Learned a level 4 spell: Manifold Assault
  3268 | D:5      | Entered Level 5 of the Dungeon
  3296 | D:5      | You fall into a shaft and drop 3 floors!
  3472 | D:7      | Found a runed translucent door.
  3472 | D:7      | Noticed dittoslash's ghost (novice DjFE)
  3559 | D:7      | Reached skill level 6 in Fighting
  3559 | D:7      | Reached skill level 5 in Translocations
  3696 | D:6      | Found Uxzaps's Book Shop.
  3702 | D:6      | Noticed Blork the orc
  3717 | D:6      | Killed Blork the orc
  3718 | D:6      | Gained mutation: You are partially covered in thin metallic
                  | scales. (AC +2) [demonic ancestry]
  3718 | D:6      | Reached XP level 8. HP: 60/64 MP: 13/13
  3913 | D:6      | Found Hat Yloo's Distillery.
  3922 | D:6      | Bought a potion of curing for 36 gold pieces
  3922 | D:6      | Bought a potion of curing for 36 gold pieces
  3922 | D:6      | Bought a potion of curing for 36 gold pieces
  3922 | D:6      | Bought a potion of mutation for 96 gold pieces
  3922 | D:6      | Bought a potion of haste for 120 gold pieces
  3922 | D:6      | Bought a potion of mutation for 96 gold pieces
  3922 | D:6      | Bought 2 potions of degeneration for 24 gold pieces
  3922 | D:6      | Bought a potion of might for 48 gold pieces
  4290 | D:5      | Found a staircase to the Ecumenical Temple.
  4299 | Temple   | Entered the Ecumenical Temple
  4772 | D:5      | Reached skill level 7 in Fighting
  5056 | D:6      | Found Daitirgh's Distillery.
  5064 | D:6      | Bought a potion of heal wounds for 55 gold pieces
  5064 | D:6      | Bought 2 potions of heal wounds for 110 gold pieces
  5064 | D:6      | Bought a potion of curing for 33 gold pieces
  5064 | D:6      | Bought a potion of curing for 33 gold pieces
  5064 | D:6      | Bought a potion of magic for 88 gold pieces
  5064 | D:6      | Bought a potion of flight for 33 gold pieces
  5064 | D:6      | Bought 2 potions of berserk rage for 110 gold pieces
  5064 | D:6      | Bought a potion of attraction for 33 gold pieces
  5064 | D:6      | Bought a potion of brilliance for 44 gold pieces
  5064 | D:6      | Bought a potion of lignification for 33 gold pieces
  5299 | D:6      | Gained mutation: You sometimes emit foul miasma when
                  | damaged in melee. [demonic ancestry]
  5299 | D:6      | Reached XP level 9. HP: 67/72 MP: 14/14
  5582 | D:6      | Found Gyukuone's Book Shop.
  5730 | D:6      | Noticed Edmund
  5739 | D:6      | Killed Edmund
  5740 | D:6      | Reached skill level 5 in Ice Magic
  6029 | D:7      | Found Qeanwalol's CLEARANCE SALE!.
  6037 | D:7      | Bought 2 potions of curing for 30 gold pieces
  6037 | D:7      | Bought a scroll of brand weapon for 47 gold pieces
  6128 | D:7      | Found a blossoming altar of Fedhas.
  6313 | D:8      | Found a staircase to the Lair.
  6327 | D:8      | Reached skill level 8 in Fighting
  6633 | D:8      | Found an ancient bone altar of Kikubaaqudgha.
  7039 | D:8      | Reached XP level 10. HP: 82/82 MP: 15/15
  7071 | D:8      | Reached skill level 9 in Fighting
  7213 | D:8      | Noticed Maurice
  7225 | D:8      | Killed Maurice
  7392 | D:9      | Found a hide-covered altar of Uskayaw.
  7674 | D:9      | Learned a level 2 spell: Lesser Beckoning
  7836 | D:9      | Noticed a two-headed ogre
  7850 | D:9      | Killed a two-headed ogre
  8424 | D:9      | Bought a shiny buckler for 225 gold pieces
  8441 | D:10     | Entered Level 10 of the Dungeon
  8545 | D:9      | Reached skill level 10 in Fighting
  8545 | D:9      | Reached skill level 1 in Shields
  8650 | D:10     | Found a radiant altar of Vehumet.
  8744 | D:10     | Learned a level 5 spell: Metabolic Englaciation
  8829 | D:10     | Identified the ring of Understanding {Contam rElec Will+
                  | Int+7 Stlth+}
  8875 | D:10     | Reached skill level 1 in Hexes
  8875 | D:10     | Reached XP level 11. HP: 92/92 MP: 12/18
  9034 | D:10     | Identified the +3 plate armour "Hur Soj" {rF+ Int+2 Dex+2}
  9152 | D:10     | Reached skill level 5 in Spellcasting
  9288 | D:10     | Found a portal to a secret trove of treasure.
  9401 | D:10     | Found a snail-covered altar of Cheibriados.
  9708 | D:11     | Noticed a brown ugly thing
  9724 | D:11     | Killed a brown ugly thing
  9841 | D:11     | Found a staircase to the Orcish Mines.
 10091 | D:11     | Noticed Snorg
 10109 | D:11     | Killed Snorg
 10110 | D:11     | Reached skill level 11 in Fighting
 10324 | Orc:1    | Entered Level 1 of the Orcish Mines
 10325 | Orc:1    | Noticed an orc sorcerer
 10380 | D:9      | Bought a runed tower shield for 225 gold pieces
 10380 | D:9      | Bought an ancient leather armour for 210 gold pieces
 10380 | D:9      | Identified the +0 leather armour of Weightlessness {Drain
                  | rPois rF++ Dex+4} (You bought it in a shop on level 9 of
                  | the Dungeon)
 10380 | D:9      | Bought a glimmering chain mail for 285 gold pieces
 10380 | D:9      | Identified the +3 chain mail of Ockoph {rF- Str+2 Stlth+}
                  | (You bought it in a shop on level 9 of the Dungeon)
 10415 | Lair:1   | Entered Level 1 of the Lair of Beasts
 10852 | Lair:1   | Reached skill level 5 in Shields
 11085 | Lair:1   | Reached skill level 5 in Hexes
 11085 | Lair:1   | Reached XP level 12. HP: 98/100 MP: 21/21
 11828 | Lair:2   | Reached skill level 12 in Fighting
 12385 | Lair:2   | Found a staircase to the Swamp.
 12385 | Lair:2   | Noticed a ghost crab
 12577 | Lair:3   | Noticed a death yak
 12577 | Lair:3   | Noticed a death yak
 12577 | Lair:3   | Noticed a death yak
 12577 | Lair:3   | Noticed a death yak
 12578 | Lair:3   | Noticed a death yak
 12578 | Lair:3   | Noticed a death yak
 12588 | Lair:3   | Killed a death yak
 12592 | Lair:3   | Killed a death yak
 12594 | Lair:3   | Killed a death yak
 12598 | Lair:3   | Killed a death yak
 12603 | Lair:3   | Killed a death yak
 12604 | Lair:3   | Killed a death yak
 12715 | Lair:3   | Found a staircase to the Snake Pit.
 12852 | Lair:3   | Reached XP level 13. HP: 93/109 MP: 11/25
 13855 | Lair:4   | Found a viscous altar of Jiyva.
 13856 | Lair:4   | Found a staircase to the Slime Pits.
 14396 | Lair:4   | Identified the +2 falchion of Zeotoic {flame, rElec rC+ rN+
                  | Int-3}
 14768 | Lair:5   | Entered Level 5 of the Lair of Beasts
 14776 | Lair:4   | Bought a smoking cloak for 247 gold pieces
 14776 | Lair:4   | Identified the +0 cloak of Light {Rampage rElec} (You
                  | bought it in a shop on level 4 of the Lair of Beasts)
 14887 | Lair:5   | Reached skill level 13 in Fighting
 15451 | Lair:5   | Noticed Rupert
 16049 | Lair:5   | Gained mutation: You are mostly covered in thin metallic
                  | scales. (AC +3) [demonic ancestry]
 16049 | Lair:5   | Reached XP level 14. HP: 119/119 MP: 5/27
 16232 | Lair:5   | Reached skill level 10 in Spellcasting
 16243 | Lair:5   | Identified the +8 trident "Vabifany" {holy, rF+ Str-2
                  | Int+2}
 16615 | Orc:1    | Noticed Fannar
 16724 | Orc:1    | Killed Fannar
 17061 | Orc:2    | Entered Level 2 of the Orcish Mines
 17574 | D:12     | Reached skill level 14 in Fighting
 17631 | D:12     | Identified the +0 pair of boots "Uptuez" {rC- Int+5}
 18164 | D:12     | Found an iron altar of Okawaru.
 18601 | D:13     | Reached skill level 10 in Hexes
 18693 | D:13     | Noticed Urug
 18705 | D:13     | Killed Urug
 18875 | D:13     | Found a gate to the Vaults.
 19450 | Lair:4   | Bought the +3 pair of seven-league boots {Rampage+∞} for
                  | 1040 gold pieces
 19450 | Lair:4   | Found the +3 pair of seven-league boots {Rampage+∞}
 19899 | Orc:2    | Found a staircase to the Elven Halls.
 19949 | Orc:2    | Reached skill level 1 in Long Blades
 20111 | Orc:2    | Reached skill level 10 in Shields
 20322 | Orc:2    | Found Tyange's Book Shop.
 20322 | Orc:2    | Found Utzips's Book Emporium.
 20324 | Orc:2    | Found Utinig's General Store.
 20324 | Orc:2    | Found Seniosh's Antique Armour Emporium.
 20332 | Orc:2    | Bought a potion of heal wounds for 75 gold pieces
 20332 | Orc:2    | Bought a potion of curing for 45 gold pieces
 20332 | Orc:2    | Bought 2 potions of heal wounds for 150 gold pieces
 20332 | Orc:2    | Bought a potion of curing for 45 gold pieces
 20333 | Orc:2    | Bought a transparent ring mail for 261 gold pieces
 20333 | Orc:2    | Identified the +2 ring mail of Bad Feelings {*Slow Regen+
                  | rCorr Str+5} (You bought it in a shop on level 2 of the
                  | Orcish Mines)
 20581 | Orc:1    | Noticed Gastronok
 20740 | Orc:1    | Killed Gastronok
 21098 | D:13     | Identified the +8 arbalest "Tuakkits" {penet, Contam rPois
                  | rF+++ rN+}
 21334 | D:14     | Gained mutation: You have a pair of large horns on your
                  | head. [demonic ancestry]
 21334 | D:14     | Reached XP level 15. HP: 53/127 MP: 29/29
 21703 | D:14     | Found a sacrificial altar of Ru.
 22030 | D:15     | Entered Level 15 of the Dungeon
 22043 | D:15     | Reached skill level 15 in Fighting
 22158 | D:15     | Found a gate leading to a gauntlet.
 22273 | Gauntlet | Entered a Gauntlet
 22273 | Gauntlet | Found a transporter.
 22283 | Gauntlet | Found a transporter.
 22285 | Gauntlet | Found a transporter.
 22286 | Gauntlet | Found a transporter.
 22295 | Gauntlet | Found a transporter.
 22297 | Gauntlet | Found a transporter.
 22298 | Gauntlet | Found a transporter.
 22305 | Gauntlet | Found a runed translucent gate.
 22305 | Gauntlet | Found a runed translucent gate.
 22307 | Gauntlet | Found a transporter.
 22310 | Gauntlet | Found a transporter.
 22311 | Gauntlet | Found a transporter.
 22318 | Gauntlet | Found a runed translucent door.
 22319 | Gauntlet | Found a runed translucent gate.
 22320 | Gauntlet | Found a transporter.
 22323 | Gauntlet | Found a transporter.
 22324 | Gauntlet | Found a transporter.
 22332 | Gauntlet | Found a transporter.
 22428 | Gauntlet | Reached skill level 5 in Long Blades
 22481 | Gauntlet | Gained mutation: Armour fits poorly on your strangely
                  | shaped body. [a shining eye]
 22503 | Gauntlet | Identified the +0 cloak of Vehumet's Supremacy {rElec}
 22510 | Gauntlet | Lost mutation: Armour fits poorly on your strangely shaped
                  | body. [potion of mutation]
 22510 | Gauntlet | Gained mutation: Your flesh is cold resistant. (rC+)
                  | [potion of mutation]
 22618 | Gauntlet | Identified the +2 pair of gloves "Lemank" {rElec rF- rC+++
                  | Dex+5}
 22642 | Gauntlet | Identified the staff of fire "Jiskam" {rF+ rN+ Dex+3
                  | Stlth-}
 22666 | Gauntlet | Got the Spellbook of the Charred Mesa
 23284 | D:15     | Found a staircase to the Depths.
 23284 | D:15     | Noticed a frost giant
 23293 | D:15     | Killed a frost giant
 23917 | Elf:1    | Entered Level 1 of the Elven Halls
 24074 | Elf:1    | You fall into a shaft and drop 1 floor!
 24117 | Elf:3    | Entered Level 3 of the Elven Halls
 24117 | Elf:3    | Found Riat's Antique Weapon Emporium.
 24117 | Elf:3    | Found Xummibly's Assorted Antiques.
 24196 | Elf:2    | Reached skill level 10 in Long Blades
 24765 | Swamp:1  | Entered Level 1 of the Swamp
 24775 | Swamp:1  | Gained mutation: You frequently emit foul miasma when
                  | damaged in melee. [demonic ancestry]
 24775 | Swamp:1  | Reached XP level 16. HP: 130/136 MP: 30/30
 24864 | Swamp:1  | Found a frozen archway.
 24914 | IceCv    | Entered an ice cave
 24961 | IceCv    | Learned a level 3 spell: Ozocubu's Armour
 26949 | Swamp:2  | Reached skill level 15 in Long Blades
 27574 | Swamp:3  | Reached XP level 17. HP: 142/142 MP: 31/31
 27794 | Swamp:3  | Identified the ring "Quc Dyha" {rN+ rCorr}
 28083 | Swamp:4  | Entered Level 4 of the Swamp
 28482 | Swamp:4  | Noticed a bone dragon
 28555 | Swamp:4  | Killed a bone dragon
 29362 | Swamp:4  | Got a decaying rune of Zot
 29512 | Snake:1  | Entered Level 1 of the Snake Pit
 29518 | Lair:3   | Bought a scroll of fog for 68 gold pieces
 29518 | Lair:3   | Bought a scroll of teleportation for 51 gold pieces
 29518 | Lair:3   | Bought a scroll of blinking for 127 gold pieces
 29518 | Lair:3   | Bought a scroll of teleportation for 51 gold pieces
 30003 | Snake:1  | Found Pucaum's Book Boutique.
 30003 | Snake:1  | Found Lisy's Jewellery Emporium.
 30004 | Snake:1  | Found Xoozeicwo's Jewellery Emporium.
 30599 | Snake:2  | Found Jino's Weapon Emporium.
 30599 | Snake:2  | Found Lukeocox's Book Emporium.
 30599 | Snake:2  | Found Qubaz's Antique Weapon Shoppe.
 30602 | Snake:2  | Found Licudoim's Weapon Shoppe.
 31324 | Snake:3  | Reached skill level 16 in Fighting
 31797 | Snake:3  | Reached XP level 18. HP: 138/151 MP: 33/33
 32040 | Snake:3  | Noticed Nikola
 32050 | Snake:3  | Killed Nikola
 32458 | Snake:4  | Entered Level 4 of the Snake Pit
 33075 | Snake:4  | Got a serpentine rune of Zot
 33143 | Snake:4  | Found Uruu's Distillery.
 33143 | Snake:4  | Found Ugegeebb's Jewellery Shop.
 33349 | Snake:4  | Bought a potion of heal wounds for 110 gold pieces
 33349 | Snake:4  | Bought a potion of haste for 220 gold pieces
 33349 | Snake:4  | Bought a potion of might for 88 gold pieces
 33349 | Snake:4  | Bought a potion of ambrosia for 176 gold pieces
 33349 | Snake:4  | Bought a potion of attraction for 66 gold pieces
 33349 | Snake:4  | Bought a potion of attraction for 66 gold pieces
 33349 | Snake:4  | Bought a potion of attraction for 66 gold pieces
 33349 | Snake:4  | Bought a potion of berserk rage for 110 gold pieces
 33428 | Snake:4  | Found Vegaopto's Magic Scroll Shoppe.
 33436 | Snake:4  | Bought a scroll of fear for 60 gold pieces
 33436 | Snake:4  | Bought a scroll of magic mapping for 112 gold pieces
 33699 | Snake:4  | Found Rimogo's General Store.
 33716 | Snake:4  | Reached skill level 17 in Fighting
 33800 | Snake:4  | Bought a potion of heal wounds for 60 gold pieces
 34658 | D:7      | Killed dittoslash's ghost
 34659 | D:7      | Reached skill level 1 in Armour
 34672 | D:7      | Bought a bloodstained ring mail for 216 gold pieces
 34672 | D:7      | Identified the +0 ring mail of the Eternal Void {rCorr
                  | Int+8 Slay-5 Stlth-} (You bought it in a shop on level 7 of
                  | the Dungeon)
 34800 | Vaults:1 | Entered Level 1 of the Vaults
 35170 | Vaults:2 | Learned a level 2 spell: Passwall
 36332 | Vaults:3 | Reached XP level 19. HP: 113/161 MP: 24/36
 36533 | Vaults:3 | Reached skill level 5 in Dodging
 36654 | Vaults:3 | Reached skill level 5 in Armour
 36698 | Vaults:3 | Noticed Asterion
 36835 | Vaults:3 | Killed Asterion
 38493 | Vaults:4 | Reached skill level 15 in Shields
 38978 | Vaults:4 | Noticed Zenata
 38980 | Vaults:4 | Identified the +3 plate armour of Hinkikh {rF+++ Will+
                  | rCorr}
 38996 | Vaults:4 | Reached XP level 20. HP: 143/168 MP: 16/37
 39003 | Vaults:4 | Killed Zenata
 40343 | Vaults:2 | Found a staircase to the Crypt.
 40384 | Crypt:1  | Entered Level 1 of the Crypt
 41597 | Vaults:1 | Reached skill level 10 in Dodging
 41867 | Vaults:1 | Found Tisuo's Antique Armour Shop.
 41939 | Vaults:1 | Reached skill level 10 in Armour
 41990 | Vaults:1 | Bought the ring "Bufumah" {Fly rElec rPois Will+ SInv} for
                  | 637 gold pieces
 42020 | Vaults:1 | Bought a glowing cloak for 180 gold pieces
 42226 | Depths:1 | Entered Level 1 of the Depths
 42786 | Elf:1    | Noticed Kirke
 42791 | Elf:1    | Killed Kirke
 42807 | Elf:1    | Identified the +3 ring mail of Follow the Leader {Int+3}
 43219 | Elf:2    | Paralysed by an air elemental for 1 turns
 43224 | Elf:2    | Gained mutation: You are completely covered in thin
                  | metallic scales. (AC +4, rElec) [demonic ancestry]
 43224 | Elf:2    | Reached XP level 21. HP: 143/174 MP: 38/38
 43232 | Elf:2    | Paralysed by an air elemental for 1 turns
 43415 | Elf:2    | Paralysed by an air elemental for 1 turns
 43854 | Elf:2    | Found a runed translucent gate.
 43855 | Elf:2    | Found a runed translucent gate.
 43855 | Elf:2    | Found a runed translucent gate.
 43903 | Elf:3    | Bought a scroll of blinking for 240 gold pieces
 43903 | Elf:3    | Bought a potion of heal wounds for 160 gold pieces
 43903 | Elf:3    | Bought a potion of heal wounds for 160 gold pieces
 43903 | Elf:3    | Bought a potion of curing for 96 gold pieces
 43932 | Elf:3    | Found Cogeneif's Distillery.
 43937 | Elf:3    | Bought a potion of curing for 48 gold pieces
 43937 | Elf:3    | Bought a potion of curing for 48 gold pieces
 43937 | Elf:3    | Bought 2 potions of might for 128 gold pieces
 43937 | Elf:3    | Bought a potion of mutation for 128 gold pieces
 43937 | Elf:3    | Bought a potion of mutation for 128 gold pieces
 43937 | Elf:3    | Bought 3 potions of brilliance for 192 gold pieces
 43937 | Elf:3    | Bought a potion of flight for 48 gold pieces
 43937 | Elf:3    | Bought a potion of cancellation for 128 gold pieces
 45020 | Elf:3    | Got the Codex of Space
 45065 | Elf:3    | Got Jorutug's Secrets of Vapourous Toxicants
 45102 | Elf:3    | Identified the +10 shortbow of Animal Spirits {drain,
                  | Int+3}
 46295 | Depths:1 | Found a one-way gateway to a ziggurat.
 46295 | Depths:1 | Found a one-way gate leading to the halls of Pandemonium.
 46325 | Depths:1 | Identified the +4 war axe of Execution {freeze, Str+7 Dex-3
                  | SInv}
 46331 | Depths:1 | Found a blossoming altar of Fedhas.
 46428 | Depths:1 | Found Qossayfoh's Armour Shoppe.
 46431 | Depths:1 | Found Foallaxi's General Store.
 46440 | Depths:1 | Bought a scroll of teleportation for 66 gold pieces
 46440 | Depths:1 | Bought 2 potions of heal wounds for 220 gold pieces
 46440 | Depths:1 | Bought a scroll of teleportation for 66 gold pieces
 46504 | Depths:1 | Found a gateway to Hell.
 46546 | Depths:1 | Found Zopsom Mac's Tiny Tomes.
 46559 | Depths:1 | Bought the Commentary on the Atmosphere for 198 gold pieces
 46559 | Depths:1 | Bought the Exposition on the Brume for 132 gold pieces
 46559 | Depths:1 | Bought the Elucidation of Spectral Accompaniment for 176
                  | gold pieces
 46700 | Depths:1 | Found Mirphiez's Book Boutique.
 46824 | Depths:1 | Found a broken altar of Ashenzari.
 46982 | Depths:1 | Identified the ring of Vanity {rCorr Str+2}
 47471 | Depths:2 | Gained mutation: Your hexes are more powerful. [demonic
                  | ancestry]
 47471 | Depths:2 | Reached XP level 22. HP: 181/181 MP: 39/39
 47525 | Depths:2 | Identified a scroll of acquirement
 47551 | Depths:2 | Acquired the scarf "Lugyph" {+Inv, Drain Int+3 Dex+5}
 47852 | Depths:2 | Noticed Margery
 47912 | Depths:2 | Killed Margery
 48157 | Depths:2 | Found a one-way gate to the infinite horrors of the Abyss.
 48162 | Depths:2 | Paralysed by a floating eye for 2 turns
 48345 | Depths:2 | Noticed a dread lich
 48354 | Depths:2 | Killed a dread lich
 48510 | Depths:3 | Noticed Saint Roka
 49234 | Depths:4 | Entered Level 4 of the Depths
 49395 | Depths:4 | Found a bloodstained altar of Trog.
 49414 | Depths:4 | Reached skill level 18 in Fighting
 49462 | Depths:4 | Noticed Xtahua
 49476 | Depths:4 | Killed Xtahua
 49528 | Depths:4 | Found a gate to the Realm of Zot.
 50563 | Depths:4 | Acquired the ring of Erueshaf {rPois rN+ rCorr Dex-2}
 50935 | Depths:4 | Reached skill level 19 in Fighting
 50935 | Depths:4 | Reached XP level 23. HP: 177/194 MP: 32/40
 51102 | Depths:3 | Killed Saint Roka
 51333 | Depths:3 | Identified the staff of fire "Zokulir" {*Slow rPois rF+
                  | Dex+5}
 51341 | Depths:3 | Identified the +6 scale mail "Aqabex" {rElec Int+7 Dex-2}
 51878 | Depths:1 | Learned a level 5 spell: Silence
 52157 | Crypt:1  | Reached skill level 1 in Air Magic
 53327 | Crypt:3  | Entered Level 3 of the Crypt
 53327 | Crypt:3  | Found a staircase to the Tomb.
 53894 | Crypt:1  | Reached skill level 20 in Fighting
 54006 | Crypt:1  | Reached skill level 5 in Air Magic
 54175 | Crypt:1  | Identified the ring "Ceiwk" {rElec rPois rN+ Dex+4}
 55151 | Crypt:3  | Gained mutation: Your melee attacks may debilitate your
                  | foes. [demonic ancestry]
 55151 | Crypt:3  | Reached XP level 24. HP: 159/205 MP: 40/40
 55228 | Crypt:3  | Found a basalt altar of Yredelemnul.
 55518 | Crypt:3  | Found the crystal ball of Wucad Mu {*channel}
 56035 | Crypt:3  | Identified the ring "Feklab" {rElec rN+ Will- rCorr Dex+7}
 56035 | Crypt:3  | Identified the ring "Qocazyrr" {+Blink rN+ Str+5 SInv}
 56332 | Vaults:5 | Entered Level 5 of the Vaults
 56424 | Vaults:5 | Noticed a dread lich
 56512 | Vaults:5 | Reached skill level 21 in Fighting
 56893 | Vaults:5 | Killed a dread lich
 57447 | Vaults:5 | Got a silver rune of Zot
 57654 | Vaults:5 | Identified the +8 chain mail of Fossol {Harm +Inv rPois}
 57750 | Vaults:5 | Identified the +7 rapier "Ugeesh" {spect, Drain Str+8}
 57751 | Vaults:5 | Identified the staff of death "Div Zenn" {rElec rF+ rC+ rN+
                  | Stlth-}
 57823 | Vaults:5 | Reached skill level 10 in Air Magic
 57925 | Vaults:5 | Identified the +4 long sword "Paitiwke" {freeze, Str+3
                  | Int+2}
 58030 | Vaults:5 | Gained mutation: You are surrounded by an aura of silence.
                  | [demonic ancestry]
 58030 | Vaults:5 | Reached XP level 25. HP: 198/216 MP: 40/40
 58479 | Vaults:5 | Identified the +1 robe "Azxiuv" {Str+3}
 58700 | Vaults:5 | Reached skill level 22 in Fighting
 59121 | Depths:2 | Voluntarily entered the Abyss.
 60275 | Abyss:3  | Noticed an ancient lich
 60284 | Abyss:3  | Killed an ancient lich
 60561 | Abyss:3  | Paralysed by accursed screaming for 1 turns
 60603 | Abyss:3  | Got an abyssal rune of Zot
 60633 | Depths:2 | Escaped the Abyss
 60706 | Zot:1    | Entered Level 1 of the Realm of Zot
 60793 | Zot:1    | Noticed a Killer Klown
 60794 | Zot:1    | Noticed a dread lich
 60811 | Zot:1    | Killed a dread lich
 60818 | Zot:1    | Killed a Killer Klown
 60819 | Zot:1    | Reached skill level 10 in Translocations
 62372 | Zot:4    | Gained mutation: A meltable icy envelope protects you from
                  | harm. (AC +8) [demonic ancestry]
 62372 | Zot:4    | Reached XP level 26. HP: 213/227 MP: 30/41
 62641 | Zot:4    | Identified the ring of Generosity {Ice *Corrode rPois Str+2
                  | Int+3}
 62641 | Zot:4    | Noticed Josephina
 62699 | Zot:4    | Reached skill level 23 in Fighting
 62846 | Zot:4    | Killed Josephina
 64141 | Zot:4    | Identified the +8 chain mail of Doacuara {rElec rCorr
                  | Str-3}
 64145 | Zot:5    | Entered Level 5 of the Realm of Zot
 64299 | Zot:4    | Reached skill level 15 in Spellcasting
 66070 | Lair:5   | Killed Rupert
 66130 | Slime:1  | Entered Level 1 of the Pits of Slime
 66519 | Slime:5  | Entered Level 5 of the Pits of Slime
 66621 | Slime:5  | Paralysed by a floating eye for 3 turns
 66745 | Slime:5  | Found a viscous altar of Jiyva.
 66756 | Slime:5  | Found the +8 demon trident "Rift" {distort, reach+}
 66842 | Slime:5  | Noticed the Royal Jelly
 66866 | Slime:5  | Killed the Royal Jelly
 66929 | Slime:5  | Got a slimy rune of Zot
 66974 | Slime:5  | Got Juohobar's Handbook of the Enthralling Cemetery
 66995 | Slime:5  | Got Deotwupp's Precepts of the Underground Curse
 67063 | Slime:5  | Identified the +3 ring mail "Wecaxt" {*Corrode rElec rC+++
                  | rN+++ Dex-2}
 67443 | Zig:1    | Entered Level 1 of a ziggurat
 67533 | Zig:2    | Entered Level 2 of a ziggurat
 67563 | Zig:3    | Entered Level 3 of a ziggurat
 67582 | Zig:3    | Identified the +10 dagger of the Piercing Viper {freeze,
                  | Int+3 Dex+3}
 67596 | Zig:4    | Entered Level 4 of a ziggurat
 67633 | Zig:4    | Identified the +7 dagger of Light {heavy, rCorr Int+3
                  | Dex+2}
 67645 | Zig:5    | Entered Level 5 of a ziggurat
 67713 | Zig:5    | Identified the staff of earth "Ogoumep" {rElec Int-3 Dex+6
                  | SInv}
 67829 | Zig:6    | Entered Level 6 of a ziggurat
 67874 | Zig:6    | Identified the +1 ring mail of Free Will {rPois Int+2}
 67891 | Zig:7    | Entered Level 7 of a ziggurat
 67897 | Zig:7    | Noticed a royal mummy
 67897 | Zig:7    | Noticed a royal mummy
 67903 | Zig:8    | Entered Level 8 of a ziggurat
 67951 | Zig:8    | Noticed an ancient lich
 67966 | Zig:9    | Entered Level 9 of a ziggurat
 67978 | Zig:9    | Noticed an ancient lich
 67979 | Zig:9    | Noticed an ancient lich
 67989 | Zig:9    | Killed an ancient lich
 67995 | Zig:9    | Killed an ancient lich
 68001 | Zig:9    | Reached skill level 24 in Fighting
 68025 | Zig:9    | Identified the +0 ring mail of Woufil {rPois Will+}
 68029 | Zig:9    | Identified the staff of fire "Wuluom" {rF+ Will+}
 68061 | Zig:10   | Entered Level 10 of a ziggurat
 68098 | Zig:10   | Gained mutation: A meltable icy envelope protects you from
                  | harm. (AC +8) [demonic ancestry]
 68098 | Zig:10   | Reached XP level 27. HP: 237/238 MP: 6/43
 68104 | Zig:10   | Paralysed by accursed screaming for 1 turns
 68166 | Zig:10   | Identified the ring of Xom's Recklessness {Ice rN+ rCorr}
 68176 | Zig:10   | Identified the +7 glaive "Xust" {venom, rN+ Will- Str+3
                  | Stlth+}
 68178 | Zig:10   | Identified the ring "Gadgheyz" {EV+5 Dex+4}
 68989 | Zot:5    | Found the +4 dragonskin cloak
 68989 | Zot:5    | Noticed Tiamat
 68994 | Zot:5    | Noticed an orb of fire
 69010 | Zot:5    | Gained mutation: You occasionally lose the ability to read
                  | scrolls when taking damage. [an orb of fire]
 69014 | Zot:5    | Gained mutation: You are weak. (Str -2) [an orb of fire]
 69014 | Zot:5    | Gained mutation: You sometimes lose the ability to read
                  | scrolls when taking damage. [an orb of fire]
 69015 | Zot:5    | Gained mutation: Your magical capacity is low. (-10% MP)
                  | [an orb of fire]
 69019 | Zot:5    | Killed an orb of fire
 69162 | Zot:5    | Noticed an orb of fire
 69177 | Zot:5    | Killed an orb of fire
 69200 | Zot:5    | Noticed an ancient lich
 69205 | Zot:5    | Killed an ancient lich
 69214 | Zot:5    | Lost mutation: You sometimes lose the ability to read
                  | scrolls when taking damage. [potion of mutation]
 69214 | Zot:5    | Lost mutation: You occasionally lose the ability to read
                  | scrolls when taking damage. [potion of mutation]
 69214 | Zot:5    | Gained mutation: Armour fits poorly on your strangely
                  | shaped body. [potion of mutation]
 69214 | Zot:5    | Gained mutation: You occasionally shout uncontrollably at
                  | your foes. [potion of mutation]
 69215 | Zot:5    | Lost mutation: Your magical capacity is low. (-10% MP)
                  | [potion of mutation]
 69215 | Zot:5    | Lost mutation: You are weak. (Str -2) [potion of mutation]
 69216 | Zot:5    | Lost mutation: Armour fits poorly on your strangely shaped
                  | body. [potion of mutation]
 69216 | Zot:5    | Lost mutation: Your flesh is cold resistant. (rC+) [potion
                  | of mutation]
 69216 | Zot:5    | Lost mutation: You occasionally shout uncontrollably at
                  | your foes. [potion of mutation]
 69216 | Zot:5    | Gained mutation: You passively map a small area around you.
                  | [potion of mutation]
 69216 | Zot:5    | Gained mutation: You are frail. (-10% HP) [potion of
                  | mutation]
 69216 | Zot:5    | Gained mutation: Your muscles are strong. (Str +4, Int/Dex
                  | -1) [potion of mutation]
 69217 | Zot:5    | Lost mutation: You passively map a small area around you.
                  | [potion of mutation]
 69217 | Zot:5    | Lost mutation: You are frail. (-10% HP) [potion of
                  | mutation]
 69217 | Zot:5    | Gained mutation: You occasionally lose the ability to read
                  | scrolls when taking damage. [potion of mutation]
 69217 | Zot:5    | Gained mutation: You occasionally lose the ability to drink
                  | potions when taking damage. [potion of mutation]
 69218 | Zot:5    | Lost mutation: You occasionally lose the ability to drink
                  | potions when taking damage. [potion of mutation]
 69218 | Zot:5    | Lost mutation: You occasionally lose the ability to read
                  | scrolls when taking damage. [potion of mutation]
 69218 | Zot:5    | Lost mutation: Your muscles are strong. (Str +4, Int/Dex
                  | -1) [potion of mutation]
 69218 | Zot:5    | Gained mutation: Your mind is acute. (Int +4, Str/Dex -1)
                  | [potion of mutation]
 69218 | Zot:5    | Gained mutation: Your body sometimes deteriorates upon
                  | taking damage. [potion of mutation]
 69218 | Zot:5    | Gained mutation: Potions are less effective at restoring
                  | your health. [potion of mutation]
 69219 | Zot:5    | Lost mutation: Your body sometimes deteriorates upon taking
                  | damage. [potion of mutation]
 69219 | Zot:5    | Lost mutation: Your mind is acute. (Int +4, Str/Dex -1)
                  | [potion of mutation]
 69219 | Zot:5    | Lost mutation: Potions are less effective at restoring your
                  | health. [potion of mutation]
 69219 | Zot:5    | Gained mutation: You are strong-willed. (Will+) [potion of
                  | mutation]
 69219 | Zot:5    | Gained mutation: Your muscles are strong. (Str +4, Int/Dex
                  | -1) [potion of mutation]
 69250 | Zot:5    | Noticed a dread lich
 69258 | Zot:5    | Killed a dread lich
 69344 | Zot:5    | Got the Orb of Zot
 69574 | Zot:1    | Noticed Coket the pandemonium lord
 69691 | Depths:1 | Noticed Jettur the pandemonium lord
 69771 | Depths:1 | Killed Jettur the pandemonium lord
 69836 | D:15     | Noticed Oremir the pandemonium lord
 69850 | D:15     | Killed Oremir the pandemonium lord
 70206 | D:$      | Escaped with the Orb!

Illustrated notes

Levels and vault maps discovered:
D:1:      scummos_arrival_hexagon, layout_basic, minmay_liquid_box,
          nicolae_kite_square_tiling_tiny, chequers_serial_rivers_marsh
D:2:      layout_rooms, kennysheep_generic_room_9
D:3:      layout_rooms, grunt_temple_overflow_diamond, uniq_terence
D:4:      nicolae_BIG_FREAKIN_CUBE, layout_rooms,
          nicolae_ossuary_entry_catacombs
D:5:      minmay_polygon_palace, layout_rooms, minmay_temple_entry_trees
D:6:      layout_loops_corners, serial_shops, shop, nicolae_shop_hallway_stairs,
          nicolae_shop_peninsula, nicolae_shop_crystal, uniq_edmund,
          uniq_blork_the_orc
D:7:      layout_rooms, mainiacjoe_overflow_concentric_impassable,
          gammafunk_ghost_grave, nicolae_shop_clearance
D:8:      layout_cave_pods, lemuel_zombie_altar_kikubaaqudgha,
          erik_lair_orcish_takeover, uniq_maurice
D:9:      layout_small_grid, lemuel_crystal_altar, minmay_misc_feat_tiny
D:10:     layout_rooms, chei_slow_surprise, nicolae_vehumet_radiance,
          enter_trove_2, hive_lemuel
D:11:     layout_small_grid, kennysheep_orc_monster_closet_entryway,
          hangedman_stone_soup, uniq_snorg
D:12:     layout_small_grid, okawaru_altar_gauntlet_db
D:13:     layout_basic, david_vaults_4, uniq_urug
D:14:     layout_basic, hangedman_ru_absence
D:15:     grunt_enter_depths_snipers, layout_stronghold, gauntlet_entry_generic
Temple:   nicolae_temple_two_arcs
Lair:1:   layout_roguey, st_stairs_4, infiniplex_staircase_pool_2,
          lemuel_fruit_tree, grunt_megastairs_4
Lair:2:   layout_cave_pods, nicolae_swamp_entry_spooky, beast_lair_carwin_2
Lair:3:   layout_chaotic_city, dummy_snake_entry
Lair:4:   layout_concentric_octagons, nicolae_slime_entry_slimehenge,
          chequers_serial_rivers_micro_d
Lair:5:   grunt_lair_end_beastmaster, layout_gridlike, grunt_megastairs_3,
          serial_bayou_shore_b, serial_bayou_shore_a, uniq_rupert
Swamp:1:  nicolae_swamp_standing_stones, layout_falls_marsh,
          portal_ice_cave_entry_frozen_things,
          nicolae_swamp_ascending_descending_big
Swamp:2:  layout_basic_swamp, evilmike_swamp_ruin_house_2, swamp_pool5
Swamp:3:  layout_basic_swamp, evilmike_swamp_ruin_wall, swamp_pool2,
          nicolae_swamp_bloodsuckers_inc, infiniplex_staircase_pool
Swamp:4:  swamp_pestilence, layout_basic_swamp, swamp_pool2,
          hangedman_swamp_cone
Snake:1:  layout_cave_pods, minmay_shop_grove
Snake:2:  layout_onion, st_stairs_3, grunt_megastairs_2, minmay_shoptagon
Snake:3:  layout_layer_cave, grunt_megastairs_5, uniq_nikola
Snake:4:  grunt_snake_rune_pools, layout_onion_interference, serial_shops, shop,
          nicolae_shop_waterfront, shop, nicolae_shop_waterfront
Slime:1:  layout_caves, cheibrodos_slime_lost_civilization_5
Slime:2:  layout_caves
Slime:3:  layout_caves
Slime:4:  layout_caves
Slime:5
Orc:1:    layout_caves, uniq_fannar, uniq_gastronok
Orc:2:    grunt_orc_tribal_feast, layout_caves, mines1_david
Elf:1:    nicolae_elf_arrival_fired_up, layout_loops_cross,
          hangedman_corner_corridor, uniq_kirke
Elf:2:    nicolae_elf_blades_crystal_corner, layout_rooms, minivault_28
Elf:3:    minmay_elf_hall_quartered_circle, layout_geoelf_grid, serial_shops,
          nicolae_shop_tiny_waterfront, shop, shop, einodemon_barbed_minivault
Vaults:1: nicolae_vaults_back_hallway, v_pattern_2, hangedman_vaults_cutoff,
          vaults_standard_mumra_x, nicolae_vaults_border_crossing,
          nicolae_vaults_what_the_h, v_misc_2, ontoclasm_vaults_twist,
          nicolae_vaults_tetromino_T_2, layout_vaults_omnigrid, serial_shops,
          shop
Vaults:2: nicolae_vaults_theta, nicolae_vaults_trapezoid_lopsided_4,
          nicolae_vaults_hallways_thing, nicolae_vaults_door_testing_chamber,
          minmay_crypt_entry_simple_box, nicolae_vaults_tetromino_L_1,
          grunt_vaults_focal, nicolae_vaults_mini_display_case,
          nicolae_vaults_mitosis, nicolae_vaults_layer_cake_slice,
          layout_vaults_big_room
Vaults:3: v_rooms_4, nicolae_vaults_six-pack, v_misc_33, hangedman_vaults_locks,
          nicolae_vaults_double_plus_1, nicolae_vaults_corridor_and_loot_room,
          nicolae_vaults_oval_intersection,
          nicolae_vaults_offset_grid_hallway_4, vaults_mumra_hexcomb,
          vaults_dpeg_emergency_exit, ontoclasm_vaults_tryst,
          ontoclasm_vaults_gateway, ontoclasm_vaults_ring_square,
          nicolae_vaults_diamond_1, nicolae_vaults_two_Ls,
          layout_vaults_omnicross, uniq_asterion
Vaults:4: v_misc_11, vaults_dpeg_spiral, hangedman_vaults_trim,
          nicolae_vaults_tetromino_T_1, nicolae_vaults_network_star,
          vaults_room_hallway, nicolae_vaults_more_shelving_2,
          nicolae_vaults_minivaults, hangedman_vaults_maws,
          nicolae_vaults_storage_room_doors, nicolae_vaults_ring_of_whatevers,
          v_misc_4, nicolae_vaults_diagonal_hallway_8, vaults_room_pool,
          layout_vaults_maze_bifur, uniq_zenata
Vaults:5: serial_shops
Crypt:1:  layout_misc_corridors, chequers_hall_statues_wall_a,
          grunt_ministairs_8, eino_tiny_chamber, st_chilly_death
Crypt:2:  layout_basic, nicolae_fountain_basement
Crypt:3:  church_of_pain_bobbens, layout_chaotic_city
Depths:1: layout_cave_shapes, enter_ziggurat_b, serial_shops,
          nicolae_shop_trees, shop, nicolae_shop_trees, fedhas_altar_3,
          hell_entry, pan_entry, nicolae_shop_i_like_small_books_too,
          lemuel_statue_altar, grunt_tough_drop, serial_bayou_shore_b
Depths:2: hellmonk_paralyzer, layout_gridlike, grunt_metal_band,
          grunt_decor_resistance, abyss_entry, grunt_pan_entry_zigzag,
          firewood_loft
Depths:3: cheibrodos_salmonella, layout_long_grid, grunt_decor_one_mirror,
          marbit_kobold_abyss_entry, hell_entry, uniq_saint_roka
Depths:4: evilmike_zot_entry_argh, layout_cave_shapes, hell_entry,
          trog_three_pillars_becter, minmay_serpent_palace, uniq_xtahua
Zot:1:    layout_misc_corridors, st_small_dragon_hoard_5,
          hangedman_player_shredder
Zot:2:    layout_gridlike
Zot:3:    layout_cathedral_of_symmetry
Zot:4:    layout_twisted_circle, uniq_josephina
Zot:5:    layout_misc_corridors, grunt_ministairs_14, uniq_tiamat

Skill      XL: |  1  2  3  4  5  6  7  8  9 10 11 12 13 14 15 16 17 18 19 20 21 22 23 24 25 26 27 |
---------------+----------------------------------------------------------------------------------+-----
Maces & Flails | 2 |  2.8
Translocations | 3 4 5 6 7 8 10 13 14 | 14.8
Fighting       | 3 4 5 6 7 8 10 11 12 13 14 15 16 17 19 20 21 22 24 | 24.9
Spellcasting   | 3 4 6 8 9 10 11 13 14 16 17 | 17.4
Ice Magic      | 2 4 6 7 |  7.4
Shields        | 2 5 7 8 10 12 13 15 16 17 19 20 21 22 23 | 23.0
Hexes          | 1 5 7 9 10 | 10.1
Long Blades    | 3 11 15 16 | 16.1
Armour         | 4 7 10 12 | 12.8
Dodging        | 4 8 10 12 | 12.9
Air Magic      | 6 10 | 10.6
Throwing       | |  0.8

Action                     |  1- 3 |  4- 6 |  7- 9 | 10-12 | 13-15 | 16-18 | 19-21 | 22-24 | 25-27 || total
---------------------------+-------+-------+-------+-------+-------+-------+-------+-------+-------++-------
  Melee: Mace              |   114 |    13 |       |       |       |       |       |       |       ||   127
         Dagger            |       |   177 |   419 |   609 |   649 |       |       |       |       ||  1854
         Punch             |       |     4 |     4 |     2 |       |       |       |       |       ||    10
         Headbutt          |       |    37 |    84 |   115 |   328 |   380 |   480 |   770 |   559 ||  2753
         Double sword      |       |       |       |       |   574 |  1509 |  1542 |  2023 |  1790 ||  7438
         Scimitar          |       |       |       |       |       |    54 |       |       |       ||    54
         Unarmed           |       |       |       |       |       |       |       |       |     1 ||     1
  Throw: Dart              |       |       |       |       |     5 |       |     1 |     1 |       ||     7
   Cast: Frozen Ramparts   |       |     2 |    34 |    45 |    74 |     7 |    21 |    23 |    13 ||   219
         Manifold Assault  |       |       |    11 |    55 |   101 |   111 |    46 |    20 |   117 ||   461
         Lesser Beckoning  |       |       |       |     2 |    14 |    35 |    85 |    52 |    61 ||   249
         Metabolic Englaci |       |       |       |     5 |    34 |    25 |    32 |    32 |    10 ||   138
         Blink             |       |       |       |       |     2 |       |     1 |       |     2 ||     5
         Ozocubu's Armour  |       |       |       |       |       |     8 |    36 |    22 |    10 ||    76
         Passwall          |       |       |       |       |       |       |       |     1 |     4 ||     5
 Invoke: Call Merchant     |       |       |       |     1 |     2 |     2 |     2 |     1 |     4 ||    12
         Potion Petition   |       |       |       |       |     5 |     3 |     1 |     5 |     8 ||    22
         Bribe Branch      |       |       |       |       |       |       |       |       |     1 ||     1
  Evoke: Wand              |       |       |     1 |     9 |    10 |     1 |     3 |     2 |     3 ||    29
    Use: Scroll            |     4 |     9 |     7 |     1 |    24 |    14 |    12 |    16 |    20 ||   107
         Potion            |     3 |     2 |     2 |    13 |    23 |     9 |    16 |    11 |    21 ||   100
   Stab: Distracted        |       |       |     1 |     1 |     6 |    24 |    36 |    57 |    46 ||   171
         Sleeping          |       |       |       |     2 |     7 |     8 |     6 |     2 |     5 ||    30
         Petrified         |       |       |       |       |    29 |       |       |       |       ||    29
         Petrifying        |       |       |       |       |     1 |       |       |       |       ||     1
         Confused          |       |       |       |       |       |     1 |       |       |       ||     1
         Invisible         |       |       |       |       |       |       |     8 |       |     2 ||    10
 Armour: Leather armour    |    50 |    35 |   110 |   177 |   462 |   400 |   185 |   220 |   198 ||  1837
         Skin              |       |       |    40 |    31 |       |       |       |       |       ||    71
  Dodge: Dodged            |    69 |    71 |   176 |   199 |   433 |   386 |   398 |   767 |   656 ||  3155
  Block: Other             |    22 |    19 |    62 |     9 |       |       |       |       |       ||   112
         Buckler           |       |       |       |   242 |   602 |   512 |       |       |       ||  1356
         Kite shield       |       |       |       |       |       |   168 |   944 |  1626 |   644 ||  3382
         Tower shield      |       |       |       |       |       |       |       |       |   865 ||   865
         Reflection        |       |       |       |       |       |       |       |       |    14 ||    14
